Map: Emerald City CE

Players

Ekelpack - Winner!

  • Race: Zerg Zerg
  • Spawn Location: 11:00

Nyck - Winner!

  • Race: Terran Terran
  • Spawn Location: 11:00

Kartofel

  • Race: Terran Terran
  • Spawn Location: 5:00

DarkThingy

  • Race: Protoss Protoss
  • League: Diamond
  • Spawn Location: 5:00

VOD

Have the link to the VOD?

Description

Time

  • Played on: Feb. 11, 2025, 1:36 p.m.
  • Length: 14:30
Show
View Real Time Build Order
Export as new Build Order

Ekelpack Zerg - Winner!

Build Orders: Hatch First 

Get SALT Encoding   

  12  0:00  Drone  
  13  0:12  Overlord  
  13  0:16  Drone  
  14  0:31  Drone x2  
  16  0:35  Drone  
  17  0:45  Drone  
  18  0:59  Hatchery, Drone, Extractor  
  17  1:07  Drone  
  18  1:18  Spawning Pool  
  17  1:23  Drone  
  18  1:30  Drone  
  19  1:40  Drone  
  20  1:55  Overlord  
  20  2:04  Queen  
  20  2:05  Metabolic Boost  
  22  2:11  Drone  
  22  2:14  Queen  
  25  2:19  Drone  
  25  2:20  Drone  
  27  2:24  Drone  
  27  2:27  Drone  
  29  2:36  Drone  
  30  2:40  Drone  
  30  2:43  Lair  
  31  2:48  Drone x2, Extractor  
  32  2:58  Extractor  
  32  2:59  Drone x2  
  33  3:07  Drone x2  
  35  3:13  Overlord  
  35  3:15  Drone  
  36  3:21  Extractor  
  36  3:22  Drone  
  36  3:33  Drone x3  
  36  3:34  Overlord  
  39  3:36  Drone x2  
  39  3:38  Drone  
  42  3:44  Spire  
  42  3:48  Drone x2  
  43  3:53  Overlord  
  43  3:54  Drone  
  44  4:02  Drone x4  
  48  4:09  Zergling x2  
  49  4:10  Queen  
  49  4:13  Overlord  
  51  4:23  Overlord  
  51  4:26  Zergling x4  
  53  4:56  Mutalisk x2  
  53  4:57  Mutalisk x6  
  53  4:58  Overlord  
  69  5:16  Mutalisk x2  
  71  5:23  Hatchery  
  70  5:37  Mutalisk x3  
  70  5:39  Overlord x2  
  76  5:48  Overseer  
  73  6:10  Drone  
  73  6:30  Drone x4  
  73  6:31  Drone x6  
  73  6:32  Drone, Overlord  
  78  7:03  Mutalisk x6  
  78  7:04  Mutalisk x2  
  78  7:05  Drone  
  78  7:06  Drone x2  
  97  7:12  Extractor  
  97  7:13  Extractor  
  95  7:24  Drone x2  
  95  7:25  Drone x4  
  101  7:31  Zerg Flyer Weapons Level 1  
  101  7:36  Evolution Chamber  
  100  7:38  Evolution Chamber  
  100  7:39  Drone  
  100  7:40  Infestation Pit  
  95  8:27  Overlord x4  
  95  8:31  Overlord x3  
  95  8:39  Hive, Zerg Ground Armor Level 1  
  95  8:46  Overlord x4  
  95  8:47  Zergling x6  
  95  8:48  Zergling x4  
  100  9:05  Mutalisk x6  
  112  9:10  Pneumatized Carapace  
  112  9:14  Zergling x6  
  112  9:15  Hatchery  
  112  9:16  Extractor  
  113  9:20  Extractor  
  112  9:39  Drone x3  
  112  9:40  Drone x5  
  120  9:54  Zerg Missile Weapons Level 1  
  120  9:58  Hydralisk Den  
  119  10:19  Adrenal Glands  
  119  10:22  Zergling x12  
  119  10:23  Zergling x2  
  120  10:59  Hydralisk x6  
  120  11:00  Hydralisk x8  
  120  11:01  Hydralisk x2  
  120  11:02  Zerg Ground Armor Level 2  
  120  11:03  Grooved Spines  
  128  11:39  Hydralisk  
  91  11:40  Hydralisk x7  
  91  11:41  Hydralisk x6  
  91  11:42  Hydralisk x4  
  127  11:51  Zerg Missile Weapons Level 2  
  127  11:53  Muscular Augments  
  127  12:07  Overseer x3  
  125  12:11  Hydralisk x2  
  125  12:12  Hydralisk x7  
  125  12:13  Hydralisk x3  
  149  12:23  Drone x2  
  149  12:24  Drone  
  152  12:48  Hydralisk x5  
  152  12:49  Hydralisk x4  
  170  13:16  Hydralisk x5  
  170  13:17  Hydralisk x6  
  170  13:18  Hydralisk  
  194  13:33  Hydralisk  
  194  13:34  Hydralisk x2  
  200  14:01  Unknown  
  192  14:03  Overlord x5  
Show
View Real Time Build Order
Export as new Build Order

Nyck Terran - Winner!

Build Orders: Reaper Expand 

Get SALT Encoding   

  12  0:00  SCV  
  13  0:12  SCV  
  14  0:19  Supply Depot  
  14  0:25  SCV  
  15  0:40  SCV  
  15  0:41  Barracks  
  16  0:49  Refinery  
  16  0:53  SCV  
  17  1:06  Barracks  
  17  1:08  SCV  
  18  1:28  Orbital Command  
  18  1:33  Reaper  
  19  1:55  Command Center  
  19  2:00  SCV  
  20  2:03  Barracks Tech Lab  
  20  2:20  Barracks Reactor  
  20  2:27  Marine  
  21  2:30  SCV  
  21  2:34  Refinery  
  22  2:54  SCV  
  23  3:01  Marine  
  23  3:05  Combat Shield  
  23  3:06  Marine x2  
  23  3:07  SCV  
  23  3:09  Supply Depot  
  23  3:11  Orbital Command  
  26  3:19  SCV  
  27  3:22  Marine  
  27  3:25  Marine x2  
  30  3:31  SCV, Factory  
  30  3:32  Supply Depot  
  31  3:37  SCV  
  32  3:41  Marine  
  32  3:43  SCV  
  34  3:48  Marine  
  34  3:49  SCV, Marine  
  34  3:55  SCV  
  38  4:01  SCV, Barracks  
  39  4:03  Marine  
  39  4:08  SCV  
  41  4:10  Marine  
  41  4:11  Marine  
  41  4:13  SCV  
  41  4:16  Starport  
  44  4:17  Factory Reactor  
  44  4:20  SCV  
  44  4:21  Marine  
  46  4:25  SCV  
  46  4:29  Stimpack  
  47  4:32  SCV  
  47  4:37  Supply Depot, SCV  
  49  4:41  Marine x3  
  52  4:46  SCV  
  52  4:50  Supply Depot  
  53  4:59  SCV x2  
  55  5:04  Medivac x2  
  59  5:09  Marine x3  
  59  5:11  SCV x2  
  64  5:14  Barracks Reactor  
  64  5:16  Supply Depot  
  64  5:20  Supply Depot  
  64  5:26  SCV  
  64  5:27  SCV  
  66  5:29  Marine x3  
  66  5:34  Refinery  
  69  5:36  Refinery  
  69  5:37  Medivac  
  69  5:39  SCV x2  
  70  5:50  Supply Depot  
  66  5:58  SCV x2  
  65  6:10  SCV  
  65  6:11  SCV  
  67  6:19  Engineering Bay  
  67  6:23  Engineering Bay  
  67  6:26  Armory, Medivac x2  
  67  6:27  SCV x2  
  73  6:37  Marine x5  
  73  6:39  SCV x2  
  80  6:51  SCV x2, Command Center, Terran Infantry Weapons Level 1  
  82  6:55  Terran Infantry Armor Level 1  
  82  7:03  SCV x2  
  84  7:15  SCV x2  
  85  7:17  Terran Vehicle And Ship Armor Level 1  
  86  7:27  SCV x2  
  86  7:28  Marine x3  
  86  7:29  Marine x2  
  93  7:38  Viking x2  
  93  7:40  Supply Depot, SCV  
  93  7:41  SCV  
  99  7:47  Marine x3  
  102  7:58  SCV, Marine x2  
  102  8:02  SCV  
  102  8:03  Supply Depot  
  102  8:04  Orbital Command  
  102  8:05  Marine x3  
  106  8:11  Viking x2  
  113  8:14  SCV  
  113  8:15  SCV  
  113  8:17  Marine x2  
  117  8:21  Command Center  
  117  8:23  Marine  
  117  8:25  Supply Depot  
  117  8:26  SCV  
  120  8:27  SCV  
  120  8:40  SCV x2, Marine x3  
  120  8:41  Orbital Command, Marine  
  126  8:45  Viking x2  
  130  8:52  Barracks  
  130  8:55  Terran Infantry Weapons Level 2  
  130  8:56  Terran Infantry Armor Level 2  
  130  8:57  Barracks  
  130  9:00  SCV x2  
  132  9:06  SCV  
  133  9:11  Marine x4  
  133  9:12  Marine  
  138  9:17  Viking x2  
  138  9:19  Terran Vehicle And Ship Armor Level 2  
  142  9:36  Armory  
  142  9:38  Marine x4  
  144  9:41  Barracks Reactor  
  146  9:47  SCV x3  
  146  9:50  Barracks Reactor  
  146  9:52  Viking x2  
  153  9:56  Starport  
  153  9:59  SCV x3  
  156  10:01  Marine  
  156  10:02  Marine x4, Factory Reactor  
  161  10:11  SCV  
  162  10:15  SCV, Refinery  
  162  10:16  SCV  
  162  10:17  Refinery  
  164  10:23  SCV, Marine x5  
  164  10:24  Marine  
  164  10:25  Marine  
  172  10:32  SCV x2, Viking x2  
  178  10:36  Supply Depot  
  178  10:38  Barracks  
  178  10:45  SCV  
  178  10:46  Marine  
  180  10:53  Terran Ship Weapons Level 1  
  180  10:55  Orbital Command  
  180  10:57  Marine x3, Viking x2  
  180  10:58  Supply Depot  
  180  10:59  SCV x2, Marine x5  
  180  11:03  Marine  
  196  11:04  Viking x2  
  199  11:12  Refinery  
  199  11:15  Marine, Refinery  
  200  11:21  Supply Depot  
  156  11:40  SCV x2  
  156  11:41  SCV x2, Marine  
  156  11:42  Marine x6  
  156  11:44  Terran Infantry Weapons Level 3  
  156  11:45  Supply Depot, Terran Infantry Armor Level 3  
  154  11:47  Terran Vehicle And Ship Armor Level 3  
  154  12:00  SCV  
  154  12:01  SCV x3, Marine  
  157  12:02  Marine x8  
  157  12:08  Supply Depot  
  159  12:13  Viking x3  
  159  12:14  Viking  
  167  12:15  SCV x2  
  167  12:16  SCV x2  
  167  12:19  Marine x2  
  167  12:20  Marine  
  173  12:27  Marine x3  
  173  12:28  Marine x3  
  179  12:31  Barracks Reactor  
  179  12:37  Marine x3  
  179  12:43  Viking x3  
  188  12:45  Marine x6  
  188  12:48  Viking  
  196  12:55  Marine x3  
  199  13:03  Marine  
  200  13:08  Command Center  
  200  13:20  Command Center  
Show
View Real Time Build Order
Export as new Build Order

Kartofel Terran 

Build Orders: Hellion Banshee 

Get SALT Encoding   

  12  0:00  SCV  
  13  0:12  SCV  
  14  0:23  Supply Depot  
  14  0:24  SCV  
  15  0:45  SCV  
  15  0:48  Barracks  
  16  0:50  Refinery  
  16  0:57  SCV  
  16  1:03  Refinery  
  17  1:09  SCV  
  18  1:21  SCV  
  19  1:35  Marine  
  19  1:39  Command Center  
  20  1:49  Orbital Command  
  20  1:53  Barracks Reactor  
  20  2:14  SCV, Factory  
  21  2:21  Supply Depot  
  21  2:27  SCV  
  22  2:30  Marine  
  23  2:42  Marine  
  24  2:48  Marine  
  24  2:50  Orbital Command  
  25  3:05  SCV, Starport  
  27  3:08  Supply Depot  
  26  3:17  SCV x2  
  28  3:20  Barracks Tech Lab  
  28  3:28  Hellion  
  28  3:29  SCV x2, Hellion  
  34  3:37  Supply Depot  
  34  3:41  SCV  
  35  3:43  SCV  
  36  3:50  Barracks  
  36  3:52  Barracks Tech Lab, Hellion  
  36  3:55  Hellion  
  40  4:01  Banshee  
  43  4:03  SCV  
  43  4:05  SCV  
  43  4:08  Cloaking Field  
  45  4:13  Hellion  
  47  4:17  Hellion  
  47  4:18  SCV  
  47  4:19  SCV  
  47  4:24  Stimpack  
  51  4:31  Marine  
  51  4:32  SCV x2  
  54  4:38  Supply Depot  
  56  4:46  Hellion x2  
  56  4:49  Barracks Reactor  
  56  4:50  Marine  
  59  4:56  Banshee  
  62  5:00  SCV x2  
  62  5:01  Supply Depot  
  62  5:04  Refinery  
  62  5:06  Refinery  
  64  5:07  Marine  
  64  5:12  Hellion x2  
  64  5:13  SCV  
  70  5:23  SCV  
  70  5:25  Marine  
  70  5:27  SCV  
  73  5:35  SCV  
  74  5:42  Supply Depot  
  74  5:43  Marine  
  74  5:46  Marine x2  
  75  5:56  Command Center  
  75  6:01  Marine  
  65  6:04  Supply Depot, Marine x2  
  65  6:08  Engineering Bay  
  65  6:11  Widow Mine, Viking  
  63  6:15  Viking  
  63  6:17  SCV  
  68  6:19  Marine  
  68  6:22  Marine x2  
  71  6:33  SCV  
  71  6:34  SCV  
  71  6:36  Marine  
  71  6:37  Missile Turret  
  71  6:39  Marine  
  74  6:40  Marine  
  74  6:45  SCV  
  74  6:54  Marine  
  74  6:57  Marine x2  
  74  6:58  Missile Turret  
  61  7:12  Marine  
  61  7:14  Missile Turret x3  
  61  7:15  Marine x2  
  62  7:17  Supply Depot, Missile Turret  
  62  7:20  Missile Turret  
  62  7:21  Missile Turret x2  
  64  7:26  Terran Infantry Weapons Level 1  
  64  7:30  Marine  
  64  7:33  Marine x2  
  64  7:35  SCV x2  
  69  7:39  Command Center  
  69  7:40  Supply Depot  
  69  7:42  Missile Turret  
  69  7:47  SCV  
  69  7:48  Marine  
  69  7:51  Marine x2  
  71  7:52  Barracks  
  71  7:53  Barracks, Medivac x2  
  77  8:06  Marine  
  77  8:09  Marine x2  
  80  8:14  Siege Tank  
  80  8:23  Marine, Factory, Medivac x2  
  80  8:26  Marine  
  80  8:27  SCV x2, Marine  
  86  8:32  Supply Depot  
  89  8:39  SCV x2  
  91  8:41  Marine  
  91  8:43  Barracks Reactor  
  91  8:44  Barracks Reactor  
  91  8:45  Combat Shield  
  91  8:47  Widow Mine  
  94  8:51  SCV  
  94  8:53  SCV, Medivac  
  99  8:55  Barracks Reactor  
  99  8:56  Supply Depot  
  99  8:59  Orbital Command  
  99  9:02  Marine x3  
  99  9:03  SCV  
  99  9:05  SCV  
  99  9:07  Factory Reactor  
  103  9:12  Armory  
  103  9:16  SCV  
  104  9:17  SCV  
  104  9:20  Marine, Terran Infantry Armor Level 1  
  106  9:26  Marine x2  
  106  9:27  Marine x2  
  106  9:28  SCV  
  106  9:30  SCV  
  112  9:37  Refinery  
  112  9:38  Marine, Refinery  
  113  9:42  Marine x2  
  113  9:44  Marine x3  
  113  9:45  Marine  
  119  9:46  Command Center  
  119  9:55  Marine  
  120  10:01  Barracks  
  120  10:02  Marine x4, Engineering Bay  
  120  10:04  Barracks  
  120  10:05  Widow Mine  
  120  10:06  Widow Mine  
  128  10:07  Drilling Claws  
  130  10:21  Widow Mine  
  130  10:25  Medivac  
  130  10:26  Widow Mine  
  133  10:32  SCV  
  125  10:47  Marine x3  
  125  10:48  Marine x2  
  125  10:49  Widow Mine x3, Medivac  
  138  10:51  Barracks  
  138  10:55  Medivac  
  140  11:00  Command Center  
  140  11:05  Terran Infantry Weapons Level 2  
  140  11:09  Missile Turret  
  140  11:10  Missile Turret  
  140  11:11  Missile Turret  
  140  11:12  SCV, Missile Turret  
  140  11:14  Missile Turret x2  
  141  11:28  SCV  
  141  11:29  SCV  
  141  11:31  Widow Mine  
  140  11:33  Widow Mine, Medivac  
  140  11:36  Marine x4  
  140  11:37  Marine x3  
  119  11:44  Widow Mine  
  112  11:52  Widow Mine  
  112  11:53  Barracks Reactor  
  112  11:54  Marine x5, Widow Mine, Barracks Reactor  
  116  11:55  Marine x2  
  114  12:06  Widow Mine  
  103  12:12  Marine x6, Barracks Reactor  
  109  12:17  Planetary Fortress, Refinery  
  109  12:18  SCV  
  109  12:19  SCV x2  
  109  12:22  Medivac x2  
  116  12:26  Terran Vehicle Weapons Level 1  
  116  12:31  SCV  
  116  12:32  Marine x6  
  123  12:37  Marine x3  
  123  12:38  Marine x2  
  123  12:42  Refinery  
  123  12:43  Siege Tank  
  131  12:52  Medivac  
  131  12:53  Ghost Academy  
  133  13:04  SCV, Barracks x2  
  133  13:05  SCV x3  
  137  13:08  Marine  
  137  13:09  Marine x6  
  144  13:15  Siege Tank, Widow Mine x2  
  144  13:16  Medivac  
  153  13:28  Marine x3  
  153  13:31  Marine x2  
  156  13:39  Marine x2  
  156  13:51  Marine x2  
  156  13:52  Marine  
  156  13:53  Marine x2, Medivac  
  156  13:54  Ghost, Widow Mine  
  156  13:55  Siege Tank, Medivac  
  133  14:03  Marine x7  
  133  14:09  Marine x2  
  105  14:10  Marine  
Show
View Real Time Build Order
Export as new Build Order

DarkThingy Protoss 

Build Orders: Carriers 

Get SALT Encoding   

  1  0:00  Probe  
  13  0:25  Pylon  
  13  0:29  Probe  
  14  0:37  Assimilator  
  14  0:41  Probe  
  15  0:47  Pylon  
  15  0:53  Probe  
  16  0:57  Gateway  
  16  1:05  Probe  
  17  1:15  Pylon, Probe  
  18  1:23  Probe  
  18  1:31  Probe  
  19  1:33  Assimilator  
  20  1:46  Cybernetics Core, Probe  
  21  1:55  Zealot  
  21  1:58  Probe  
  24  2:17  Warp Gate  
  24  2:25  Nexus  
  24  2:31  Pylon  
  24  2:50  Probe  
  24  3:02  Probe  
  25  3:07  Assimilator  
  25  3:12  Assimilator  
  25  3:14  Probe  
  25  3:16  Stalker  
  28  3:26  Probe  
  29  3:38  Probe  
  29  3:39  Gateway  
  30  3:43  Gateway  
  30  3:45  Probe  
  31  3:50  Probe  
  32  3:57  Probe  
  32  4:02  Probe  
  34  4:09  Probe  
  35  4:11  Stalker  
  37  4:21  Probe  
  37  4:24  Probe  
  39  4:33  Forge, Probe  
  39  4:36  Probe  
  41  4:38  Pylon  
  41  4:41  Pylon  
  41  4:45  Probe  
  41  4:48  Probe  
  43  4:55  Stalker x2  
  43  4:57  Probe  
  43  4:58  Stalker  
  43  4:59  Protoss Air Weapons Level 1  
  50  5:00  Probe  
  51  5:10  Probe  
  52  5:28  Probe  
  52  5:30  Nexus  
  53  5:41  Probe  
  54  5:43  Stargate  
  54  5:46  Stargate  
  54  5:53  Stalker x3, Probe  
  61  6:02  Pylon  
  61  6:04  Pylon  
  61  6:05  Probe  
  62  6:17  Stalker x3, Probe  
  69  6:47  Probe x2  
  69  6:52  Probe  
  72  6:59  Probe x2  
  74  7:04  Probe  
  75  7:09  Pylon  
  75  7:11  Pylon, Probe  
  76  7:21  Photon Cannon  
  76  7:28  Probe  
  78  7:30  Probe x2  
  79  7:40  Probe  
  79  7:42  Probe x2  
  79  7:43  Fleet Beacon  
  82  7:56  Protoss Shields Level 1  
  82  8:00  Photon Cannon  
  82  8:03  Photon Cannon  
  82  8:07  Photon Cannon  
  82  8:11  Protoss Air Armor Level 1  
  82  8:12  Twilight Council  
  82  8:17  Carrier x2  
  82  8:22  Assimilator  
  94  8:27  Assimilator  
  94  8:36  Probe  
  94  8:37  Probe  
  94  8:38  Probe  
  97  8:50  Probe  
  98  9:02  Probe  
  99  9:15  Carrier x2  
  96  9:43  Protoss Shields Level 2  
  96  10:00  Carrier  
  96  10:04  Protoss Air Weapons Level 2  
  96  10:06  Carrier  
  108  11:00  Carrier  
  114  11:09  Stargate  
  114  11:14  Stargate  
  114  11:17  Pylon  
  114  11:20  Pylon  
  114  11:22  Pylon  
  114  11:24  Pylon  
  114  11:30  Pylon  
  114  11:31  Pylon, Carrier  
  71  12:04  Carrier  
  77  12:20  Carrier x2  
  89  12:29  Carrier  
  95  12:58  Carrier  
  95  13:02  Nexus  
  95  13:04  Pylon  
  95  13:06  Pylon  
  100  13:15  Carrier  
Tags
 
Add a new tag
Caveats
  • Supply blocks, unpowered buildings, or Contaminate may cause inaccurate times.
  • Supply counts are checked every 10 seconds.